 Dungeon Sprint DCSS version 0.23.2-1-ga50397a6bc (webtiles) character file.

Game seed: 8335126821831965507

982 Kobolds4U the Carver (level 7, -14/74 HPs)
             Began as a Minotaur Berserker on May 21, 2019.
             Was a Priest of Trog.
             Demolished by an ice devil (20 damage)
             ... summoned by a kobold demonologist
             ... in the Dungeon (Sprint I: "Red Sonja").
             The game lasted 00:04:27 (381 turns).

Kobolds4U the Carver (Minotaur Berserker)            Turns: 381, Time: 00:04:28

Health: -14/74     AC:  6    Str: 21    XL:     7   Next: 96%
Magic:  6/6        EV: 12    Int:  4    God:    Trog [***...]
Gold:   418        SH:  0    Dex: 12    Spells: 6/6 levels left

rFire    . . .     SeeInvis .   a - +0 falchion
rCold    . . .     Gourm    .   (no shield)
rNeg     + . .     Faith    .   l - +2 leather armour {rN+}
rPois    .         Spirit   .   (helmet restricted)
rElec    .         Reflect  .   (no cloak)
rCorr    .         Harm     .   (no gloves)
MR       .....     NoTele   +   (no boots)
Stlth    +.........             (no amulet)
HPRegen  0.22/turn              (no ring)
MPRegen  0.10/turn              (no ring)

@: no status effects
A: retaliatory headbutt, horns 2
a: Berserk, Trog's Hand, Renounce Religion


You were in the Dungeon.
You worshipped Trog.
Trog was most pleased with you.
You were not hungry.

You visited 1 branch You collected 418 gold pieces.

Inventory:

Hand Weapons
 a - a +0 falchion (weapon)
Armour
 b - a +0 animal skin
 l - a +2 leather armour of positive energy (worn)
Wands
 j - a wand of digging (3)
Scrolls
 i - a scroll of blinking
Potions
 d - a potion of curing
 e - a potion of heal wounds
 f - a potion of haste
 g - 2 potions of magic
 h - 2 potions of berserk rage
Comestibles
 c - a ration
 k - 6 chunks of flesh


   Skills:
 + Level 11.4 Fighting
 * Level 14.6 Long Blades
 + Level 9.7 Armour
 - Level 2.1 Dodging


You had 6 spell levels left.
You didn't know any spells.
Your spell library was empty.

Dungeon Overview and Level Annotations

Branches:
Dungeon (1/1)

Altars:
Cheibriados
Dithmenos
Elyvilon
Fedhas
Gozag
Hepliaklqana
Kikubaaqudgha
Makhleb
Nemelex Xobeh
Okawaru
Qazlal
Ru
Sif Muna
Trog
Uskayaw
Vehumet
Wu Jian
Xom
Yredelemnul
Zin
The Shining One
Jiyva
Lugonu

Shops:
D *


Innate Abilities, Weirdness & Mutations

You reflexively headbutt those who attack you in melee.
You have a pair of horns on your head.


Message History

The ice devil hits you! The ice devil freezes you!!
You closely miss the kobold demonologist.
You headbutt the kobold demonologist.
The kobold demonologist is lightly wounded.
You hit the kobold demonologist.
The kobold demonologist is moderately wounded.
The kobold demonologist hits you but does no damage.
The ice devil hits you. The ice devil freezes you!!
* * * LOW HITPOINT WARNING * * *
You hit the kobold demonologist but do no damage.
Your headbutt misses the kobold demonologist.
The kobold demonologist is moderately wounded.
The kobold demonologist gestures wildly while chanting.
You barely miss the kobold demonologist.
Your headbutt misses the kobold demonologist.
The kobold demonologist is moderately wounded.
The ice devil hits you!
* * * LOW HITPOINT WARNING * * *
The ice devil freezes you!!
You die...

#####################
.)..#..'..#__#..@K5.#
.#..').#..'..'..#4§.#
###'#####'#__####..5+
##..#...#)#### ####
_####..##.#
____##'#_.+
.∩..÷'..._#
..__##_.#'#
____###+#.#


You could see an ice devil, a kobold demonologist, an iron imp and a shadow imp.

Vanquished Creatures
  A kobold demonologist (D)
  A slime creature (D)
  Sigmund (D)
  A yak (D)
  A floating eye (D)
  An ogre (D)
  A jelly (D)
  Ijyb (D)
8 creatures vanquished.

Vanquished Creatures (others)
  A gargoyle (D)
1 creature vanquished.

Grand Total: 9 creatures vanquished

Notes
Turn   | Place    | Note
-------+----------+-------------------------------------------
     0 | D        | Kobolds4U the Minotaur Berserker began the quest for the
                  | Orb.
     0 | D        | Reached XP level 1. HP: 19/19 MP: 0/0
     1 | D        | Noticed Ijyb
     6 | D        | Killed Ijyb
     6 | D        | Reached skill level 7 in Long Blades
     6 | D        | Reached XP level 2. HP: 25/26 MP: 1/1
    27 | D        | Noticed an ogre
    34 | D        | Killed an ogre
    34 | D        | Reached skill level 9 in Long Blades
    34 | D        | Reached XP level 3. HP: 28/38 MP: 2/2
    34 | D        | Reached XP level 4. HP: 33/45 MP: 3/3
   112 | D        | Noticed Sigmund
   122 | D        | Killed Sigmund
   122 | D        | Reached ** piety under Trog
   122 | D        | Reached skill level 11 in Long Blades
   122 | D        | Reached XP level 5. HP: 48/57 MP: 4/4
   159 | D        | Killed a gargoyle
   177 | D        | Found an ornate altar of the Wu Jian Council.
   177 | D        | Found a deep blue altar of Sif Muna.
   179 | D        | Found a radiant altar of Vehumet.
   182 | D        | Reached XP level 6. HP: 61/63 MP: 5/5
   206 | D        | Found Zyow's General Store.
   206 | D        | Found an ancient bone altar of Kikubaaqudgha.
   206 | D        | Found a hazy altar of Hepliaklqana.
   206 | D        | Found a hide-covered altar of Uskayaw.
   206 | D        | Found a basalt altar of Yredelemnul.
   206 | D        | Found an opulent altar of Gozag.
   206 | D        | Found a snail-covered altar of Cheibriados.
   206 | D        | Found a sacrificial altar of Ru.
   206 | D        | Found a shadowy altar of Dithmenos.
   206 | D        | Noticed a yak
   207 | D        | Found a stormy altar of Qazlal.
   207 | D        | Found a blossoming altar of Fedhas.
   207 | D        | Found a bloodstained altar of Trog.
   207 | D        | Found an iron altar of Okawaru.
   207 | D        | Found a glowing golden altar of the Shining One.
   207 | D        | Found a glowing silver altar of Zin.
   207 | D        | Found a white marble altar of Elyvilon.
   208 | D        | Killed a yak
   208 | D        | Reached skill level 10 in Fighting
   208 | D        | Reached skill level 12 in Long Blades
   209 | D        | Found a sparkling altar of Nemelex Xobeh.
   225 | D        | Found a viscous altar of Jiyva.
   225 | D        | Found a corrupted altar of Lugonu.
   225 | D        | Noticed a slime creature
   226 | D        | Found a burning altar of Makhleb.
   226 | D        | Found a shimmering altar of Xom.
   238 | D        | Killed a slime creature
   238 | D        | Reached *** piety under Trog
   238 | D        | Reached skill level 13 in Long Blades
   238 | D        | Reached XP level 7. HP: 48/73 MP: 6/6
   362 | D        | Noticed a kobold demonologist
   362 | D        | Noticed a kobold demonologist
   365 | D        | Noticed an ice devil
   377 | D        | Killed a kobold demonologist
   377 | D        | Reached skill level 14 in Long Blades
   381 | D        | Demolished by an ice devil

Skill      XL: |  1  2  3  4  5  6  7 |
---------------+----------------------+-----
Long Blades    | 7 9 11 13 14 | 14.6
Fighting       | 6 9 10 11 | 11.4
Armour         | 4 6 8 9 |  9.7
Dodging        | |  2.1

Action                   |  1- 3 |  4- 6 |  7- 9 || total
-------------------------+-------+-------+-------++-------
Melee: Falchion          |    10 |    24 |    18 ||    52
       Headbutt          |     1 |     7 |     3 ||    11
 Stab: Sleeping          |       |     1 |       ||     1
Armor: Leather armour    |       |     3 |     3 ||     6
Dodge: Dodged            |     7 |     9 |     4 ||    20
       Rpst.: Falchion   |     1 |     2 |     2 ||     5
